 Dungeon Crawl Stone Soup version 0.13.0-25-g43d4df3 (webtiles) character file.

7093 Ragg the Conjurer (level 10, -6/50 HPs)
             Began as a Deep Elf Conjurer on Oct 30, 2013.
             Was a Priest of Vehumet.
             Mangled by a yak (7 damage)
             ... on Level 10 of the Dungeon.
             The game lasted 00:56:45 (11173 turns).

Ragg the Conjurer (Deep Elf Conjurer)              Turns: 11173, Time: 00:56:45

HP  -6/50        AC  9     Str 13      XL: 10   Next: 72%
MP   5/30        EV 18     Int 21      God: Vehumet [***...]
Gold 471         SH  0     Dex 20      Spells:  8 memorised,  9 levels left

Res.Fire  : + . .   See Invis. : .   z - +7,+6 whip "Musuuno" {elec, Dex+3}
Res.Cold  : . . .   Warding    : .   Q - +2 robe {rF+}
Life Prot.: . . .   Conserve   : .   (no shield)
Res.Poison: .       Res.Corr.  : .   (no helmet)
Res.Elec. : .       Clarity    : .   S - +1 cloak
Sust.Abil.: . .     Spirit.Shd : .   (no gloves)
Res.Mut.  : .       Stasis     : .   N - +0 pair of elf boots
Res.Rott. : .       Flight     : .   P - amulet "Yryudum" {Gourm Str+4 Dex+2 Int+2 Acc+3}
Gourmand  : +                        j - +2 ring of protection
                                     E - +3 ring of strength

@: somewhat resistant to hostile enchantments, quite stealthy
A: evolution 1, Str -2, Int -2
a: Renounce Religion


You were on level 10 of the Dungeon.
You worshipped Vehumet.
Vehumet was most pleased with you.
You were completely stuffed.

You visited 2 branches of the dungeon, and saw 12 of its levels.

You collected 451 gold pieces.

Inventory:

Hand weapons
 z - the +7,+6 whip "Musuuno" (weapon) {elec, Dex+3}
   (You found it on level 9 of the Dungeon)

   Occasionally, upon striking a foe, it will discharge some electrical energy
   and cause terrible harm.
   It affects your dexterity (+3).
Missiles
 b - 29 stones (quivered)
Armour
 N - a +0 pair of elven boots (worn)
 Q - a +2 robe of fire resistance (worn)
 S - a +1 cloak (worn)
Magical devices
 u - a wand of polymorph (14)
 x - a wand of disintegration (17)
 M - a wand of frost (8)
 O - a wand of fireball (0)
Comestibles
 i - 6 meat rations
 s - 9 strawberries
 w - a pear
 C - 2 lemons
 D - 3 chokos
 F - 2 lychees
 K - 9 bread rations
 R - 2 chunks of wyvern flesh
 T - a slice of pizza
Scrolls
 d - 4 scrolls of teleportation
 e - 2 scrolls of enchant armour
 g - a scroll of magic mapping {unknown}
 m - 4 scrolls of blinking
 n - 4 scrolls of remove curse
 p - 11 scrolls of identify
 q - a scroll of curse weapon {unknown}
 r - a scroll of enchant weapon II {unknown}
 H - a scroll of immolation {unknown}
 I - 2 scrolls of fog
 J - a scroll of fear {unknown}
Jewellery
 j - a +2 ring of protection (right hand)
 y - an uncursed ring of flight
 E - a +3 ring of strength (left hand)
 P - the amulet "Yryudum" (around neck) {Gourm Str+4 Dex+2 Int+2 Acc+3}
   (You found it on level 9 of the Dungeon)

   [amulet of the gourmand]

   It affects your strength (+4).
   It affects your intelligence (+2).
   It affects your dexterity (+2).
   It affects your accuracy (+3).
Potions
 f - 2 potions of brilliance
 h - a potion of resistance {unknown}
 l - 2 potions of agility {unknown}
 o - a potion of flight {unknown}
 t - a potion of speed {unknown}
 v - a potion of restore abilities {unknown}
 A - 3 potions of heal wounds {unknown}
 B - 6 potions of curing
 G - 2 potions of might {unknown}
 L - 4 potions of mutation {unknown}
Books
 a - a book of Minor Magic

   Spells                             Type                      Level
   *Magic Dart                        Conjuration                  1
   *Blink                             Translocation                2
   Call Imp                           Summoning                    2
   *Repel Missiles                    Charms/Air                   2
   Slow                               Hexes                        2
   Conjure Flame                      Conjuration/Fire             3
   *Mephitic Cloud                    Conjuration/Poison/Air       3
 c - a book of Conjurations

   Spells                             Type                      Level
   *Magic Dart                        Conjuration                  1
   *Searing Ray                       Conjuration                  2
   Dazzling Spray                     Conjuration/Hexes            3
   *Iskenderun's Mystic Blast         Conjuration                  4
   *Iskenderun's Battlesphere         Conjuration/Charms           4
   Fulminant Prism                    Conjuration/Hexes            5
 k - a Necronomicon {highlevel}

   This book is beyond your current level of understanding.

   Spells                             Type                      Level
   Borgnjor's Revivification          Necromancy                   7
   Haunt                              Necromancy/Summoning         7
   Death's Door                       Charms/Necromancy            8
   Necromutation                      Transmutation/Necromancy     8


   Skills:
 + Level 7.5 Dodging
 + Level 5.2 Stealth
 + Level 9.9 Spellcasting
 + Level 11.2 Conjurations
 - Level 4.1 Charms
 - Level 2.0 Translocations
 + Level 1.8 Air Magic
 * Level 7.5 Earth Magic


You had 9 spell levels left.
You knew the following spells:

 Your Spells              Type           Power        Failure   Level  Hunger
a - Magic Dart            Conj           ####         1%          1    None
b - Iskenderun's Battles  Conj/Chrm      #####...     1%          4    ##.....
c - Iskenderun's Mystic   Conj           ######..     1%          4    ##.....
d - Searing Ray           Conj           ######       1%          2    None
e - Sandblast             Erth           #####.       1%          1    None
f - Mephitic Cloud        Conj/Pois/Air  ####....     1%          3    None
g - Blink                 Tloc           N/A          4%          2    None
h - Repel Missiles        Chrm/Air       ###.......   3%          2    None


Dungeon Overview and Level Annotations

Branches:
Dungeon (11/27)            Temple (1/1) D:5             Orc (0/4) D:9
   Lair: D:8-13

Altars:
Ashenzari
Cheibriados
Elyvilon
Fedhas
Kikubaaqudgha
Makhleb
Nemelex Xobeh
Okawaru
Sif Muna
Trog
Vehumet
Xom
Yredelemnul
Zin
the Shining One


Innate Abilities, Weirdness & Mutations

You are dopey. (Int -2)
You are weak. (Str -2)
You evolve.


Message History

Confirm with . or Enter, or press ? or * to list all spells.
Aiming: Magic Dart
Press: ? - help, Shift-Dir - straight line, f/p - yak
Aim: a yak (moderately wounded)
The magic dart hits the yak.
The yak is heavily wounded.
The yak gores you!
* * * LOW HITPOINT WARNING * * *
The yak gores you but does no damage.
Casting: Magic Dart
Confirm with . or Enter, or press ? or * to list all spells.
Aiming: Magic Dart
Press: ? - help, Shift-Dir - straight line, f/p - yak
Aim: a yak (heavily wounded)
The magic dart hits the yak.
The yak is heavily wounded.
The yak gores you.
* * * LOW HITPOINT WARNING * * *
The yak gores you!
You die...

........#..........#.............
........#..........#.............
........#..........#.....#....#..
........#..........#.....#....##+
...#....#..........#.....#.......
...#....#..........#.....'.......
.<.#....#....#######.....#.......
...#....#....#..Y........##'###..
...#....#....#..@..#######....###
...#....#....#...Y.#..........#..
...######....'.....#<.........#..
...#....#....#.....#..........#..
...#....#....#.....#..........#..
...#....#....#.....#.....######..
...#....#....#..[..###'###....#..
...#....#...........#....#....'..
...#....#...........#....#....#..


You could see 2 yaks.

Vanquished Creatures
  Psyche (D:10)
  A troll (D:10)
  A hydra skeleton (D:9)
  The ghost of temujin the Magician, an average SpWz of Kikubaaqudgha (D:5)
  A two-headed ogre (D:10)
  2 wyverns
  A hill giant zombie (D:11)
  2 yaks (D:11)
  A necrophage (D:10)
  2 hungry ghosts (D:8)
  A black bear (D:8)
  3 orc warriors
  A soldier ant (D:11)
  2 sky beasts
  3 phantoms
  3 ice beasts
  6 ogres
  A crocodile (D:8)
  4 centaurs
  A yellow wasp (D:9)
  Sigmund (D:5)
  A big kobold (D:10)
  10 giant frogs
  8 hounds
  3 goliath beetles
  5 crimson imps
  6 iguanas
  6 orc priests
  3 orc wizards
  2 giant frog skeletons
  2 scorpions
  A sky beast zombie (D:8)
  3 worker ants
  A hound skeleton (D:7)
  4 gnolls (D:6)
  6 adders
  An inept item mimic (D:4)
  A giant mite (D:3)
  3 worms
  8 giant geckos
  2 oozes
  19 orcs
  A ball python (D:3)
  9 bats
  2 bat skeletons
  6 giant cockroaches
  11 goblins
  A grey rat (D:9)
  15 hobgoblins
  7 jackals
  15 kobolds
  4 quokkas
  4 training dummies (D:6)
  3 giant newts
  A giant spore (D:10)
  A kobold skeleton (D:8)
  An orc skeleton (D:4)
  15 rats
  A ballistomycete (D:10)
231 creatures vanquished.

Vanquished Creatures (others)
  A kobold (D:8)
1 creature vanquished.

Grand Total: 232 creatures vanquished

Notes
Turn   | Place    | Note
--------------------------------------------------------------
     0 | D:1      | Ragg, the Deep Elf Conjurer, began the quest for the Orb.
     0 | D:1      | Reached XP level 1. HP: 10/10 MP: 4/4
    51 | D:1      | bongbaron: hi ragg good luck rag
    91 | D:1      | Ragg: ty
   460 | D:1      | Reached XP level 2. HP: 15/15 MP: 1/6
   667 | D:1      | Reached skill level 5 in Conjurations
   922 | D:1      | Reached XP level 3. HP: 19/19 MP: 1/9
  1705 | D:2      | Reached skill level 6 in Conjurations
  1706 | D:2      | bongbaron: take the name ragg the ruinous irl
  1706 | D:2      | Ragg: ye
  2014 | D:2      | Reached XP level 4. HP: 24/24 MP: 8/11
  2252 | D:2      | Learned a level 4 spell: Iskenderun's Battlesphere
  2271 | D:2      | bongbaron: do u do sif or veh
  2288 | D:2      | Ragg: veh i think
  2645 | D:3      | Reached skill level 1 in Charms
  2750 | D:3      | Found a burning altar of Makhleb.
  2895 | D:3      | bongbaron: hi suna
  2895 | D:3      | Shauncat: Good luck
  2918 | D:3      | Ragg: thank you
  3286 | D:4      | Reached XP level 5. HP: 23/28 MP: 7/13
  3303 | D:4      | Noticed a phantom
  3306 | D:4      | bongbaron: the meanest mmic is escape hatch mimic
  3313 | D:4      | bongbaron: ive never died to one but damn that would suck
  3325 | D:4      | Killed a phantom
  3325 | D:4      | Reached skill level 7 in Conjurations
  3562 | D:4      | bongbaron: searign ray is pretty good rag
  3569 | D:4      | Ragg: mystic blast first though maybe?
  3569 | D:4      | Shauncat: cute pet
  3569 | D:4      | Ragg: For the Big Damage
  3569 | D:4      | bongbaron: its sets off the orb and it penetrates on the last turn if u channel it
  3574 | D:4      | bongbaron: train ur spc
  3575 | D:4      | bongbaron: and then u get both
  3575 | D:4      | Ragg: true
  3575 | D:4      | bongbaron: ftw
  3575 | D:4      | Ragg: i just want battlesphere to get a little more reliable
  3575 | D:4      | Ragg: first
  3780 | D:4      | Reached XP level 6. HP: 32/32 MP: 8/16
  3834 | D:4      | Shauncat: how much strength do you try to get on a caster
  3843 | D:4      | bongbaron: 8-9 is usually enough to carry stuff
  3881 | D:4      | Shauncat: kewl
  3895 | D:4      | bongbaron: teh only stat drain death you gotta woryry about is int
  3917 | D:4      | bongbaron: and casters dont worry about that berserkers do
  3932 | D:4      | cptwinky: sup homies
  3933 | D:4      | bongbaron: you CAN die of str/dex drain but hardly nothing do it
  3939 | D:4      | bongbaron: hi cwink
  4018 | D:4      | Found a glowing silver altar of Zin.
  4019 | D:4      | Ragg: Greetings
  4019 | D:4      | bongbaron: iirc if you die from having less th an 0 dex the mssage is slipped on a banana peel lol
  4019 | D:4      | Ragg: Star Drain Death isnt in any more from what i hear
  4019 | D:4      | bongbaron: it definitely is for int
  4019 | D:4      | Ragg: but its stillr eally bad to get int 0
  4019 | D:4      | Ragg: oh
  4019 | D:4      | Ragg: ok
  4019 | D:4      | cptwinky: stat death is really uncommon unless you hang out around a neqoxec or brain worm. or kill a million things in tomb at once
  4059 | D:4      | Learned a level 4 spell: Iskenderun's Mystic Blast
  4059 | D:4      | bongbaron: orange crystal statues
  4099 | D:4      | cptwinky: oh yeah those too
  4106 | D:4      | Shauncat: do you go for like 7 int on a really stupid fighter
  4133 | D:4      | Shauncat: to prevent int death
  4142 | D:4      | bongbaron: i like to do 8
  4185 | D:4      | bongbaron: b/c the max an orange crystal statue can drain u in one turn
  4185 | D:4      | bongbaron: is 8
  4242 | D:4      | cptwinky: yeah shaun, for any character i try to get my lowest stat up to 8
  4244 | D:4      | bongbaron: and unless you doing trog, your gonna cast at least like, swiftness and blink later on
  4429 | D:4      | Shauncat: rule of 8 sounds like something i can work with
  4429 | D:4      | cptwinky: for a wimp deep elf it's nice to have 8 str not only to protect from stat death but also just so you can carry things
  4465 | D:5      | Entered Level 5 of the Dungeon
  4469 | D:5      | Reached skill level 8 in Conjurations
  4469 | D:5      | Reached XP level 7. HP: 15/36 MP: 12/21
  4472 | D:5      | bongbaron: for real i cant imagine goign thourgh the whole game w/ 5 str inventory
  4517 | D:5      | cptwinky: and for a fighter having 8 int prevents you from getting fucked by a neqoxec or w/e
  4720 | D:5      | Found an iron altar of Okawaru.
  4726 | D:5      | Found a shimmering altar of Xom.
  4733 | D:5      | Noticed temujin's ghost (average SpWz)
  4735 | D:5      | Killed temujin's ghost
  4735 | D:5      | Reached skill level 5 in Spellcasting
  4736 | D:5      | cptwinky: battlesphere is so much win
  4736 | D:5      | bongbaron: talk abotut owned, ghost
  4736 | D:5      | Ragg: dunno who that is but he got fucken pwned
  4736 | D:5      | bongbaron: yea
  4736 | D:5      | Ragg: Dude i posted in one of the threads but
  4736 | D:5      | bongbaron: temujin is uhhh
  4736 | D:5      | Ragg: I did 2 decj games in a row
  4736 | D:5      | bongbaron: is that ghengis or tamerlane
  4736 | D:5      | Ragg: And i had battlesphere on the first one but not the second
  4736 | D:5      | Ragg: And i had a conjurer duel with my ghost
  4736 | D:5      | Ragg: And he wtfpwned me cuz he had sphere lol...
  4736 | D:5      | cptwinky: Wizard War
  4736 | D:5      | bongbaron: sphere ftw
  4756 | D:5      | bongbaron: wizard war ftw
  4765 | D:5      | Found a staircase to the Ecumenical Temple.
  4766 | D:5      | bongbaron: its still copyritehte
  4766 | D:5      | bongbaron: dont steal (c)
  5200 | D:5      | Noticed Sigmund
  5202 | D:5      | Shauncat: deep elves are kewl
  5203 | D:5      | bongbaron: kill taht bitch
  5203 | D:5      | Ragg: hmm
  5203 | D:5      | Ragg: well
  5203 | D:5      | Ragg: Ok
  5203 | D:5      | cptwinky: they own. i miss sludge elves though
  5205 | Temple   | Entered the Ecumenical Temple
  5249 | Temple   | bongbaron: yolo
  5291 | Temple   | Shauncat: lol sigmund by the temple
  5305 | Temple   | Became a worshipper of Vehumet
  5306 | Temple   | Ragg: Its true, yolo
  5306 | Temple   | Ragg: In fact thats a core tenet of this game
  5306 | Temple   | Ragg: Except for cats
  5316 | D:5      | cptwinky: battlesphere can chump sigmund...if you get him in a corridor so that even if he invises you know you can blindfire magic dart
  5318 | Temple   | bongbaron: um all roguelike
  5318 | Temple   | Ragg: true
  5324 | D:5      | bongbaron: remember crawl is teh culmination of a rich cultural heritage
  5327 | D:5      | Killed Sigmund
  5329 | D:5      | Ragg: what a chump
  5329 | D:5      | Ragg: lol
  5329 | D:5      | cptwinky: pwned
  5329 | D:5      | Ragg: Battlesphere is to op
  5329 | D:5      | Ragg: FOr sigmund
  5329 | D:5      | bongbaron: talk abt owned
  5331 | D:5      | bongbaron: bsphere owns
  5335 | D:5      | bongbaron: bsphere and meph cloud #1 ways to pwn his arse
  5335 | D:5      | Ragg: Dragon slaying huh
  5335 | D:5      | cptwinky: scythes are terrible
  5335 | D:5      | bongbaron: garbage for early game
  5335 | D:5      | Shauncat: they should make a mario roguelike where you can die three times but after that everything is reset
  5335 | D:5      | bongbaron: never comes up
  5335 | D:5      | bongbaron: + what cwink said
  5335 | D:5      | cptwinky: even if you're a polearm user they'll never really be good
  5449 | D:5      | cptwinky: check that runed dagger out
  5449 | D:5      | Ragg: oh
  5449 | D:5      | bongbaron: i dont know ho w the new armour formulas work but it feels like you can cast in heavier armour and its kewl
  5497 | D:5      | Ragg: nice
  5497 | D:5      | Ragg: Uhh
  5497 | D:5      | bongbaron: like my hill orc fe could cast bolt of magma @ 28% in plate
  5497 | D:5      | cptwinky: i like the new armor system
  5497 | D:5      | bongbaron: ooooh
  5497 | D:5      | bongbaron: good
  5497 | D:5      | bongbaron: use it
  5497 | D:5      | bongbaron: its realy ood early
  5497 | D:5      | Ragg: Do the stars on stairs mean you havent used it yet?
  5497 | D:5      | bongbaron: venom is mega ftw
  5498 | D:5      | cptwinky: hell yeah you can use that on weaker enemies and just stack poison on em
  5498 | D:5      | Ragg: venom is c00l
  5540 | D:5      | bongbaron: now all u need is meph cloud
  5580 | D:6      | bongbaron: cast meph cloud cnofuse things then stab+poison
  5580 | D:6      | bongbaron: Ftmfw
  5592 | D:6      | bongbaron: also did u train stealthr up a bit
  5593 | D:6      | Shauncat: i played a metroid RL that was stupid because it would generate one way passages that require an upgrade that's not available beyond the passage
  5595 | D:6      | bongbaron: u oughter
  5639 | D:6      | Shauncat: at least doomRL was okay
  5654 | D:6      | bongbaron: if u wanna try a diff RL try adom and nethack
  5655 | D:6      | bongbaron: and doom
  5657 | D:6      | bongbaron: and brogue
  5660 | D:6      | bongbaron: and porspector and caves of qud
  5670 | D:6      | bongbaron: not dredmore!!
  5670 | D:6      | Shauncat: i've never tried qud
  5678 | D:6      | cptwinky: has caves of qud updated lately?
  5678 | D:6      | bongbaron: have u tried adom
  5679 | D:6      | cptwinky: i only tried it briefly
  5681 | D:6      | Shauncat: yea
  5682 | D:6      | bongbaron: its ftw
  5682 | D:6      | Reached XP level 8. HP: 15/41 MP: 10/24
  5761 | D:6      | bongbaron: if u start as a halfing bard
  5886 | D:6      | bongbaron: u can start with seven league boots
  5886 | D:6      | cptwinky: i won in adom once but it was a long time ago
  5887 | D:6      | bongbaron: and outrun everything
  6023 | D:6      | cptwinky: t-bizzy changed a lot since then
  6082 | D:6      | Found an iron altar of Okawaru.
  6084 | D:6      | bongbaron: he fixed dragon doubling
  6087 | D:6      | bongbaron: which is gay
  6095 | D:6      | Reached skill level 9 in Conjurations
  6097 | D:6      | cptwinky: i won as a dwarven beastfighter which was pretty easymode
  6251 | D:6      | Shauncat: i was into adom back before i knew these games were winnable
  6292 | D:6      | Shauncat: like i'd just find random shit on the internet and play it
  6322 | D:6      | bongbaron: troll healers are funny
  6368 | D:6      | bongbaron: its like a guy with regen the spel, a ring of regen, and troll leather armour on all at once in crawl
  6439 | D:6      | bongbaron: jog down a halway from 1/3 hp and your healed
  6440 | D:6      | cptwinky: lol yeah
  6477 | D:6      | Reached skill level 5 in Stealth
  6510 | D:6      | bongbaron: wat element school u wanna go ragg
  6510 | D:6      | Ragg: uhh
  6510 | D:6      | Ragg: idk
  6510 | D:6      | Ragg: see what i find i guess
  6510 | D:6      | bongbaron: sometimes veh will gift 2-3 level 1 spells in a row
  6510 | D:6      | Shauncat: i might've gotten adom from one of those things they had in the 90s where you buy a CD with 500 games they never had the rights to resell
  6513 | D:6      | Learned a level 2 spell: Searing Ray
  6565 | D:6      | bongbaron: hell yea
  6565 | D:6      | Ragg: so searing ray is that for like lines of enemies
  6569 | D:6      | bongbaron: remember those 99 in one nes carts
  6572 | D:6      | bongbaron: where each 'game' is a level of super mario or w/e
  6574 | D:6      | cptwinky: searing ray works over several turns, you can't move or cast anythign else
  6574 | D:6      | bongbaron: yea ut searing ray only works as a bolt penetrating spell on the last acst u channel it
  6574 | D:6      | Ragg: Ah ok
  6574 | D:6      | cptwinky: but it gets stronger and the last turn it's penetrating
  6574 | D:6      | Shauncat: the AVGN about the 99 in one was kewl
  6574 | D:6      | bongbaron: hit . to channel it
  6576 | D:6      | bongbaron: after u first cast
  6597 | D:6      | cptwinky: its like a kamehameha
  6597 | D:6      | Ragg: ill try it
  6615 | D:7      | bongbaron: avgn istn that funny to me
  6638 | D:7      | bongbaron: he just chains swearwords
  6639 | D:7      | cptwinky: ass! FUCK!!
  6642 | D:7      | bongbaron: like its ironically funny
  6647 | D:7      | bongbaron: shrderrs my ass
  6648 | D:7      | cptwinky: shit pickle
  6648 | D:7      | bongbaron: et
  6649 | D:7      | bongbaron: etc
  6649 | D:7      | Shauncat: yeah
  6656 | D:7      | bongbaron: runnn
  6656 | D:7      | Shauncat: most of them are pretty boring
  6656 | D:7      | bongbaron: orc warrior big hit in melee
  6660 | D:7      | cptwinky: i kind of feel bad for him cause you know he wants to do other things but everyone expects him to play nintendo game tapes and cuss
  6661 | D:7      | bongbaron: noooo
  6662 | D:7      | bongbaron: arg
  6662 | D:7      | bongbaron: i meant
  6662 | D:7      | bongbaron: run with consmable
  6662 | D:7      | bongbaron: dont just run
  6663 | D:7      | bongbaron: hell hit u and ull die
  6664 | D:7      | Ragg: ahh
  6664 | D:7      | bongbaron: but u aint got consumable ided
  6664 | D:7      | cptwinky: scrolls?
  6664 | D:7      | bongbaron: so u cant
  6664 | D:7      | bongbaron: so ahhh
  6664 | D:7      | cptwinky: blinking?
  6664 | D:7      | Ragg: I didnt id shit cuz im dumb
  6665 | D:7      | bongbaron: rip
  6665 | D:7      | cptwinky: step back
  6666 | D:7      | cptwinky: into corridor
  6667 | D:7      | Ragg: hooray
  6667 | D:7      | bongbaron: phew
  6667 | D:7      | cptwinky: close one
  6667 | D:7      | bongbaron: cure
  6668 | D:7      | bongbaron: taht was poison pot right
  6668 | D:7      | bongbaron: pew
  6668 | D:7      | Shauncat: orc warriors are mean, like when you encounter them you've already come out of some close calls with priests
  6668 | D:7      | Ragg: yes
  6668 | D:7      | bongbaron: phew
  6669 | D:7      | Ragg: Orc warriors are fucker lords
  6669 | D:7      | Shauncat: and are ready to fuck up some orks
  6669 | D:7      | bongbaron: poison pot is pretty strong
  6669 | D:7      | cptwinky: warriors are a big step up from regular orcs
  6669 | D:7      | Ragg: Thankfully i know that tele scroll is somewhat common so i tried the 5 stack
  6669 | D:7      | Ragg: Im sos smart
  6669 | D:7      | cptwinky: and knights are a big step up from warriors
  6669 | D:7      | bongbaron: orc warlords with a stack of stones ftw
  6669 | D:7      | Ragg: Although if i was smart i woulda run right away
  6669 | D:7      | Ragg: before they got close
  6669 | D:7      | Ragg: Oh well
  6669 | D:7      | cptwinky: yeah warlords are just awful
  6742 | D:7      | bongbaron: i hate high priests the most
  6743 | D:7      | bongbaron: FUCK sixfirthys and FUCK smoke demons
  6771 | D:7      | bongbaron: and sun demons too
  6783 | D:7      | bongbaron: summoning all that annoying shit
  6783 | D:7      | Acquired Vehumet's first power
  6783 | D:7      | Offered knowledge of Sandblast by Vehumet.
  6785 | D:7      | bongbaron: oooo
  6785 | D:7      | cptwinky: neqoxecs
  6785 | D:7      | bongbaron: gonna go earth?
  6836 | D:7      | Ragg: sandblast isnt really worht getting is it?
  6836 | D:7      | bongbaron: ctrl f stones and pick up all teh rocks if your gonna go earth and use sandblast
  6836 | D:7      | bongbaron: its good
  6836 | D:7      | bongbaron: its realy strong
  6836 | D:7      | bongbaron: if you wield rocks
  6836 | D:7      | bongbaron: it uses up a rock each cast
  6836 | D:7      | Ragg: true
  6836 | D:7      | cptwinky: sandblast with rocks is the most powerful lvl 1 attack spell i think
  6836 | D:7      | bongbaron: but its real strong
  6836 | D:7      | bongbaron: yea
  6836 | D:7      | Ragg: But it doesnt trigger sphere
  6836 | D:7      | bongbaron: by a longshot
  6836 | D:7      | bongbaron: like u can kill yaks w/ it
  6836 | D:7      | bongbaron: hrm
  6836 | D:7      | bongbaron: well, its a backup
  6836 | D:7      | cptwinky: is that a book of geomancy? maybe just get stone arrow
  6836 | D:7      | bongbaron: 28 should be a good stack
  6836 | D:7      | Ragg: no
  6836 | D:7      | cptwinky: combine with battlesphere
  6836 | D:7      | Ragg: granted spell
  6836 | D:7      | cptwinky: ohhh
  6836 | D:7      | bongbaron: do u have a fave element
  6836 | D:7      | bongbaron: earth is pretty good
  6836 | D:7      | Ragg: no
  6836 | D:7      | Ragg: ehh well see
  6836 | D:7      | cptwinky: still not bad, sandblast with rocks + battlesphere could wreck stuff
  6836 | D:7      | Ragg: maybe if i get more earth stuff
  6843 | D:7      | bongbaron: he said it dont trigger it
  6844 | D:7      | bongbaron: i aint tried that
  6882 | D:7      | cptwinky: pretty sure it does
  6882 | D:7      | Ragg: i think only Conjuration spells triggers it?
  6882 | D:7      | bongbaron: tes tit out
  6882 | D:7      | bongbaron: well
  6882 | D:7      | Ragg: ok
  6882 | D:7      | bongbaron: vehumet supports things that arent conj
  6882 | D:7      | cptwinky: i could swear it worked on one of my tourney games
  6882 | D:7      | bongbaron: so maybe
  6920 | D:6      | bongbaron: bind it to b and u can switch w/ '
  6920 | D:6      | cptwinky: adjust your dagger to a and stones to b
  6920 | D:6      | bongbaron: y
  6920 | D:6      | bongbaron: a
  6923 | D:6      | Ragg: oh
  6923 | D:6      | Ragg: you can only do it if you have it memorized
  6923 | D:6      | Ragg: Interesting
  6925 | D:6      | Learned a level 1 spell: Sandblast
  7000 | D:7      | bongbaron: neat it does
  7002 | D:7      | bongbaron: go earth then earth pwns
  7002 | D:7      | Ragg: nice
  7007 | D:7      | bongbaron: shatter/tornado are soo much bette rthan storms imo
  7007 | D:7      | Ragg: oh
  7007 | D:7      | Ragg: i bet its bad against this dude
  7007 | D:7      | Ragg: cuz he has armor
  7009 | D:7      | bongbaron: yea it checks AC
  7011 | D:7      | cptwinky: dont use rock sandblast on everything though, you'll burn through stones fast
  7029 | D:7      | bongbaron: use it against like orc priests n wizards
  7104 | D:7      | cptwinky: regular magic dart + battlesphere will take care of a lot
  7183 | D:5      | bongbaron: stone arrow is the key
  7197 | D:5      | bongbaron: when you get stone arrow and battlephsere?
  7220 | D:6      | bongbaron: hooo boy
  7220 | D:6      | cptwinky: stone arrow + bsphere is savage
  7220 | D:6      | Ragg: nice
  7220 | D:6      | bongbaron: it rapes orc knights even
  7308 | D:7      | bongbaron: pwnage
  7366 | D:7      | Reached skill level 1 in Earth Magic
  7384 | D:7      | bongbaron: use ur scrolls
  7459 | D:7      | bongbaron: use ID ur scrolls
  7462 | D:7      | bongbaron: and pots
  7468 | D:7      | Shauncat: are curse scrolls useful
  7469 | D:7      | bongbaron: if you worship ashenzari
  7471 | D:7      | bongbaron: otherwise no
  7483 | D:7      | bongbaron: in nethack and adom theyre can do weird things
  7485 | D:7      | bongbaron: like you can curse a potion of gain level
  7485 | D:7      | cptwinky: so many obtuse item interactions in those games
  7510 | D:7      | bongbaron: and it will make you ascend a level in the dgeun (27->26)
  7556 | D:8      | cptwinky: you actually have to use cursed potion of gain level for one of the quests IIRC
  7558 | D:8      | bongbaron: so you can use that to quickly escape from the bottom of the dungeon in nethack after getting the equivalent of the orb
  7570 | D:8      | cptwinky: it's so dumb
  7576 | D:8      | bongbaron: really? which?
  7577 | D:8      | bongbaron: rogue?
  7586 | D:8      | cptwinky: yeah
  7586 | D:8      | Shauncat: yeah i like crawl better than nethack because i get lost in all the "tricks" in nethack
  7589 | D:8      | Ragg: Do i wanna gamble on mutation
  7589 | D:8      | bongbaron: theres a billion of them
  7589 | D:8      | Reached XP level 9. HP: 45/45 MP: 11/27
  7591 | D:8      | bongbaron: do it fuck
  7591 | D:8      | cptwinky: ragg: no
  7591 | D:8      | bongbaron: yes
  7595 | D:8      | bongbaron: yes!
  7595 | D:8      | Ragg: YOLO
  7595 | D:8      | bongbaron: eat purple meat
  7595 | D:8      | bongbaron: ftw
  7595 | D:8      | bongbaron: yolo!
  7596 | D:8      | bongbaron: press
  7596 | D:8      | bongbaron: z
  7596 | D:8      | bongbaron: then capital I
  7596 | D:8      | bongbaron: to see spell hunger
  7596 | D:8      | bongbaron: then cast your hungriest spell
  7596 | D:8      | bongbaron: cast blast into the wall
  7596 | D:8      | cptwinky: i only gamble on muts if it's like D:2 or if i have several cure muts lying around
  7596 | D:8      | bongbaron: a whole bunch
  7647 | D:8      | cptwinky: or if i have so many bad muts already that the odds are i'll just get one removed
  7649 | D:8      | bongbaron: if the meat rots before u get hungry so it goes
  7724 | D:8      | bongbaron: dude cwinks counter argument
  7724 | D:8      | Gained mutation: You are dopey. (Int -2) [mutagenic meat]
  7725 | D:8      | Ragg: lol
  7725 | D:8      | bongbaron: i chugged a mut pot on my hofe
  7725 | D:8      | bongbaron: and it got:
  7725 | D:8      | bongbaron: +10% mp, +10% hp, carnivorous
  7725 | D:8      | Gained mutation: You are weak. (Str -2) [mutagenic meat]
  7726 | D:8      | bongbaron: then eating purple meat gave it clarity
  7726 | D:8      | Gained mutation: You evolve. [mutagenic meat]
  7727 | D:8      | Shauncat: is messing around with mutations fun if you have a deck of wonders that can optimize your mutations?
  7727 | D:8      | Ragg: Lmao
  7727 | D:8      | Ragg: Yolo...
  7727 | D:8      | cptwinky: oh i don't deny it can be good but the odds of getting fucked are pretty high
  7727 | D:8      | bongbaron: evolutioN!!!
  7727 | D:8      | bongbaron: ftw!
  7727 | D:8      | Ragg: Whats evo do
  7745 | D:8      | Found a shimmering altar of Xom.
  7746 | D:8      | bongbaron: sore the odds of getting dope things tho
  7750 | D:8      | cptwinky: my OgBe quaff-IDed mutation and got fast healing 1, str +2, spit pois
  7751 | D:8      | bongbaron: it randomly gives/removes muts
  7753 | D:8      | Ragg: Nice
  7754 | D:8      | bongbaron: hell yea
  7767 | D:8      | cptwinky: evolution is weighted towards good mutations
  7772 | D:8      | cptwinky: 50% random, 50% random good
  7775 | D:8      | bongbaron: neat
  7775 | D:8      | cptwinky: so it could be sick
  7775 | D:8      | Ragg: This is going to be epic.
  7798 | D:8      | bongbaron: maybe it gives you wild magic!!!!!
  7806 | D:8      | bongbaron: wild magic on a deep elf is incredibly ftw
  7806 | D:8      | cptwinky: wild magic on a deep elf is ownage
  7809 | D:8      | Reached skill level 5 in Dodging
  7809 | D:8      | Reached skill level 10 in Conjurations
  7810 | D:8      | bongbaron: it increases spell failures by like 30%
  7813 | D:8      | bongbaron: but you dont care
  7814 | D:8      | bongbaron: in exhcnage
  7831 | D:8      | bongbaron: you get BUILT IN ARCHMAGE
  7832 | D:8      | cptwinky: i hate getting it on like an ogre or troll but on a deep elf who has good apts it's great
  7943 | D:8      | bongbaron: aka spel power multiplier on ALL spell school
  7945 | D:8      | Shauncat: owned fucktard priest
  7947 | D:8      | Shauncat: beogh ftl
  7955 | D:8      | cptwinky: beogh more like bawwwwwww
  8086 | D:8      | bongbaron: yo rag
  8087 | D:8      | bongbaron: if your going earth
  8088 | D:8      | bongbaron: focus it os vehumet gifts you more earth spells
  8088 | D:8      | Ragg: oh
  8088 | D:8      | Ragg: ok
  8117 | D:8      | bongbaron: the spells he gives are weighted on your xp
  8195 | D:8      | Ragg: oh damn
  8195 | D:8      | Ragg: the orb is aoe
  8195 | D:8      | Ragg: Nice.
  8195 | D:8      | bongbaron: sometimes
  8195 | D:8      | bongbaron: its a c hance
  8195 | D:8      | Ragg: or blast or w/e
  8195 | D:8      | Ragg: cool
  8342 | D:8      | cptwinky: slimer loves wieners
  8416 | D:8      | Shauncat: i wish magic skills got crosstraining
  8462 | D:8      | cptwinky: yeah it sucks that they don't. they get the maluses (fire/ice, earth/air) but no bonuses
  8830 | D:9      | bongbaron: the stairs to orc coming before lair is such a noob trap
  8853 | D:9      | bongbaron: when u think about it
  8865 | D:9      | cptwinky: lol yeah
  8873 | D:9      | cptwinky: run
  8873 | D:9      | cptwinky: it's slower
  8894 | D:9      | bongbaron: run n blast
  8894 | D:9      | Reached skill level 5 in Earth Magic
  9088 | D:9      | bongbaron: as a rule if somethings slower
  9103 | D:9      | bongbaron: run circles around a block
  9106 | D:9      | Offered knowledge of Flame Tongue by Vehumet.
  9106 | D:9      | cptwinky: most skellies and zombies are slower
  9107 | D:9      | bongbaron: rather than into unexplored territory
  9110 | D:9      | cptwinky: unless the living monster is fast
  9270 | D:9      | Got a scintillating brass amulet
  9272 | D:9      | cptwinky: holy shit
  9272 | D:9      | Ragg: oh damn
  9272 | D:9      | cptwinky: that amulet
  9272 | D:9      | Ragg: Yea nigga
  9272 | D:9      | bongbaron: ayyyyyyy cara,ba
  9272 | D:9      | bongbaron: moce
  9285 | D:9      | bongbaron: nice
  9402 | D:9      | Reached XP level 10. HP: 50/50 MP: 22/29
  9428 | D:9      | cptwinky: cmon veh, gift some good spells
  9497 | D:9      | Got a polished whip
  9498 | D:9      | Identified the whip "Musuuno" {elec, Dex+3} (You found it on level 9 of the Dungeon)
  9499 | D:9      | bongbaron: could have reists
  9499 | D:9      | Ragg: c00l
  9499 | D:9      | bongbaron: well elect whip is nice
  9500 | D:9      | bongbaron: and dex helps w/ hjit
  9504 | D:9      | cptwinky: yeah that's dece. direct damage vs waiting for poison damage
  9508 | D:9      | bongbaron: and works on undead
  9569 | D:9      | Found a staircase to the Orcish Mines.
  9842 | D:10     | Entered Level 10 of the Dungeon
  9863 | D:10     | Noticed Psyche
  9866 | D:10     | Killed Psyche
  9920 | D:10     | cptwinky: don't wield-id that dagger
  9924 | D:10     | cptwinky: it could have been distortion
  9924 | D:10     | Ragg: oh
  9924 | D:10     | Ragg: whats that do
  9925 | D:10     | cptwinky: it can do sick damage, or blink the enemy, or banish them
  9937 | D:10     | cptwinky: but when you unwield it it has a chance of doing the same to you
  9941 | D:10     | cptwinky: chaos kind of sucks, it can do good damage but it can also invis/heal/berserk
  9941 | D:10     | Ragg: oh dang
  9985 | D:10     | Ragg: hmm
  9985 | D:10     | Ragg: blink is nice
  9985 | D:10     | Ragg: and meph
  9985 | D:10     | Ragg: and repel
  9985 | D:10     | cptwinky: minor magic? sick
  9985 | D:10     | Ragg: right
  9985 | D:10     | bongbaron: NICEEEEEEEE
  9985 | D:10     | bongbaron: blink and rmsl
  9989 | D:10     | bongbaron: get em now
  9989 | D:10     | bongbaron: and get blink down to <5% fail
  9993 | D:10     | Learned a level 3 spell: Mephitic Cloud
  9993 | D:10     | bongbaron: for your escape spell
  9993 | D:10     | cptwinky: play carefully and that book will take you through lair easily
  9996 | D:10     | Learned a level 2 spell: Blink
  9996 | D:10     | cptwinky: combined with what you already have
  9996 | D:10     | bongbaron: meph cloud is, well
  9996 | D:10     | Ragg: nice
  9996 | D:10     | bongbaron: youve read the posts about it
  9999 | D:10     | Learned a level 2 spell: Repel Missiles
  9999 | D:10     | bongbaron: lair + orc easily
  9999 | D:10     | Ragg: put some points in air or what?
  9999 | D:10     | Ragg: maybe transloc?
  9999 | D:10     | Ragg: ok
  9999 | D:10     | bongbaron: air
  9999 | D:10     | cptwinky: dont do air
  9999 | D:10     | bongbaron: for help w/ dmsl
  9999 | D:10     | cptwinky: if you're doign earth
  9999 | D:10     | bongbaron: 1 pt
  9999 | D:10     | bongbaron: is worth it
  9999 | D:10     | Ragg: ok
  9999 | D:10     | bongbaron: 1 or 2
 10001 | D:10     | bongbaron: because youll want dmsl eventually
 10005 | D:10     | Reached skill level 11 in Conjurations
 10007 | D:10     | cptwinky: yeah 1 or 2 levels is ok but don't pump it a lot
 10011 | D:10     | cptwinky: it'll take forever
 10014 | D:10     | bongbaron: otherwise it should go on strength of conj alone
 10110 | D:10     | Offered knowledge of Inner Flame by Vehumet.
 10165 | D:10     | bongbaron: whoa
 10165 | D:10     | bongbaron: id the book
 10166 | D:10     | cptwinky: hell yes
 10166 | D:10     | bongbaron: siiiiiiiiiiiiiiiiiiiiiiiiiiiiiiick
 10166 | D:10     | Ragg: C00l
 10166 | D:10     | bongbaron: thats for ultr a late game tho
 10166 | D:10     | cptwinky: that's a great find, you need to find some lower-level necro spells to get your necro up to even use it tho
 10166 | D:10     | Ragg: are any of them good apart from necromut
 10166 | D:10     | bongbaron: haunt owns
 10166 | D:10     | cptwinky: borgnjors is an oh-shit button
 10166 | D:10     | bongbaron: bjorngyonrs is cool
 10185 | D:10     | cptwinky: restores full health at the cost of some of your max health
 10186 | D:10     | bongbaron: but basically get necromut lategame
 10231 | D:10     | bongbaron: so you get torment immunitry
 10240 | D:10     | cptwinky: necromut means great resists, torment immunity, no hunger
 10245 | D:10     | bongbaron: and it also gives rc+ and rpois and 3 pts of str
 10278 | D:10     | bongbaron: and no hunger is most impt
 10285 | D:10     | bongbaron: no hunger = infinite channeling
 10603 | D:10     | Reached skill level 1 in Translocations
 10603 | D:10     | Reached skill level 1 in Air Magic
 10620 | D:10     | Acquired Vehumet's second power
 10692 | D:10     | Ragg: but i dont have sif muna though
 10773 | D:10     | cptwinky: staff of energy can be evoked
 10774 | D:10     | Ragg: oh
 10774 | D:10     | cptwinky: for a similar effect
 10890 | D:10     | cptwinky: also wucad mu if you get lucky enough to find it
 10929 | D:11     | bongbaron: my hofe got it in a lab :D
 10931 | D:10     | cptwinky: gamer hell yea
 10971 | D:10     | bongbaron: along w/ a book of earth
 10973 | D:11     | bongbaron: so despite 11 fire
 10977 | D:11     | bongbaron: im respeccing him to earth
 10985 | D:11     | bongbaron: shatter ONWS
 11025 | D:11     | cptwinky: i like breaking vaults open with shatter
 11034 | D:11     | cptwinky: or highpower LRD
 11034 | D:11     | bongbaron: hell yea
 11047 | D:11     | bongbaron: or tornado
 11172 | D:10     | cptwinky: blink
 11173 | D:10     | HP: 1/50 [yak (6)]
 11173 | D:10     | Mangled by a yak

Action                   |  1- 3 |  4- 6 |  7- 9 | 10-12 || total
-------------------------+-------+-------+-------+-------++-------
Melee: Unarmed           |    11 |       |       |       ||    11
       Dagger            |     3 |     7 |    12 |       ||    22
 Cast: Magic Dart        |    86 |   106 |   189 |   103 ||   484
       Iskenderun's Batt |       |    12 |    46 |    22 ||    80
       Iskenderun's Myst |       |       |    23 |    13 ||    36
       Sandblast         |       |       |     7 |       ||     7
       Searing Ray       |       |       |     2 |       ||     2
Evoke: Wand              |       |     1 |     3 |       ||     4
  Use: Scroll            |       |       |     7 |     3 ||    10
       Potion            |       |       |     3 |       ||     3
